 Dungeon Crawl Stone Soup version 0.21.1-1-g345015f (webtiles) character file.

374 Falco the Ducker (level 6, -2/25 HPs)
             Began as a Felid Venom Mage on Apr 23, 2018.
             Slain by Grinder (10 damage)
             ... while paralysed by Grinder
             ... on level 3 of the Dungeon on Apr 24, 2018.
             The game lasted 00:45:43 (5319 turns).

Falco the Ducker (Felid Venom Mage)                 Turns: 5319, Time: 00:45:44

Health: -2/25      AC:  7    Str:  6    XL:     6   Next: 43%
Magic:  10/10      EV:  4    Int: 17    God:
Gold:   202        SH:  0    Dex: 16    Spells: 0/10 levels left
                                        Lives:  0   Deaths: 1

rFire    . . .     SeeInvis +     - Unarmed
rCold    . . .     Gourm    .   (shield unavailable)
rNeg     . . .     Faith    .   (armour unavailable)
rPois    .         Spirit   .   (helmet unavailable)
rElec    .         Reflect  .   (cloak unavailable)
rCorr    .         Harm     .   (gloves unavailable)
MR       .....                  (boots unavailable)
Stlth    +++.......             (no amulet)
HPRegen  0.08/turn              k - +5 ring of evasion
MPRegen  0.12/turn              q - +5 ring of protection

@: paralysed, quick
A: very small, no armour, no weapons or thrown items, stealth, claws 1, fangs 3,
see invisible, carnivore, speed 1, shaggy fur 2, slow metabolism 1, sharp paws
a: no special abilities


You were on level 3 of the Dungeon.
You were not hungry.

You visited 1 branch of the dungeon, and saw 5 of its levels.

You collected 202 gold pieces.

Inventory:

Jewellery
 c - an uncursed amulet of harm {unknown}
 k - a +5 ring of evasion (left paw)
 q - a +5 ring of protection (right paw)
Wands
 h - a wand of iceblast (3)
Scrolls
 e - a scroll of immolation {unknown}
 i - a scroll of fear {unknown}
 j - a scroll of enchant weapon {unknown}
 l - 2 scrolls of remove curse
 m - a scroll of noise {unknown}
 o - a scroll of random uselessness {unknown}
 p - a scroll of magic mapping {unknown}
Potions
 d - a potion of resistance {unknown}
 f - a potion of haste {unknown}
 g - a potion of mutation
 n - a potion of brilliance {unknown}
Books
 a - a Young Poisoner's Handbook

   Spells                             Type                      Level
   a - Sting                          Conjuration/Poison           1
   b - Poisonous Vapours              Poison/Air                   2
   c - Mephitic Cloud                 Conjuration/Poison/Air       3
   d - Olgreb's Toxic Radiance        Poison                       4
   e - Venom Bolt                     Conjuration/Poison           5
Comestibles
 b - 2 rations


   Skills:
 + Level 0.6 Fighting
 + Level 4.7 Dodging
 + Level 4.4 Stealth
 + Level 3.9 Unarmed Combat
 + Level 2.6 Spellcasting
 + Level 1.2 Conjurations
 + Level 0.5 Air Magic
 + Level 3.6 Poison Magic
 + Level 0.3 Evocations


You couldn't memorise any spells.
You knew the following spells:

 Your Spells              Type           Power        Failure   Level  Hunger
a - Sting                 Conj/Pois      ##..         7%          1    #......
b - Poisonous Vapours     Pois/Air       #.....       12%         2    ##.....
c - Mephitic Cloud        Conj/Pois/Air  #.......     26%         3    ###....
d - Olgreb's Toxic Radia  Pois           ##......     36%         4    #####..


Dungeon Overview and Level Annotations

Branches:
Dungeon (5/15)
 Temple: D:4-7

Altars:
Elyvilon
Fedhas
Uskayaw
Zin
The Shining One

Annotations:
D:3 Grinder; Wolfram's ghost, weakling HuFi
D:4 sanboga's ghost, amateur GrBe


Innate Abilities, Weirdness & Mutations

You cannot wear armour.
You are incapable of wielding weapons or throwing items.
Your paws allow you to move quietly. (Stealth)
You have sharp claws.
You have razor-sharp teeth.
You have supernaturally acute eyesight. (SInv)
You are carnivorous and can eat meat at any time.
You cover ground quickly.
You are covered in thick fur. (AC +2)
You have a slow metabolism.
Your sharp claws are effective at attacking unaware monsters.


Message History

Aim: Grinder (hasn't noticed you)
The sting hits Grinder.
Grinder appears unharmed.
Casting: Sting
Confirm with . or Enter, or press ? or * to list all spells.
Okay, then.
Grinder barely misses you.
You scratch Grinder.
Grinder is lightly wounded.
Grinder misses you.
You barely miss Grinder.
Grinder is lightly wounded.
Grinder hits you.
You writhe in agony.
You closely miss Grinder.
Grinder is lightly wounded.
Grinder gestures at you.
You suddenly lose the ability to move!
Grinder hits you.
You writhe in agony.
* * * LOW HITPOINT WARNING * * *
Grinder hits you!
You die...

#..#≈..♣..≈###........
#...........##.....###
#....♣._.♣...#.>.a.#
#..................#
####≈..♣a.a###.....#
####≈≈...≈≈######.##
#..###...###....#.#
#...>##.#######.#.####
#....@5..##.........†.
####.###.##.###.##.###
#.# #..).# #.##.#
#.####..## #..#.#
#.#......# ##...#
#)#.####.# ###.##
#.#..# #.# #<.##
#..#.# #.# #....
##.#.###.## #.##.


You could see Grinder and a worker ant (wandering).

Vanquished Creatures
  An ogre (D:4)
  Blork the orc (D:4)
  A howler monkey (D:4)
  Jessica (D:2)
  Natasha (twice) (D:4)
  A worker ant (D:4)
  Robin (D:4)
  5 adders
  5 dart slugs
  3 leopard geckos
  5 orcs (D:4)
  4 bats
  3 giant cockroaches
  12 goblins
  10 hobgoblins
  8 jackals
  5 kobolds
  A ball python (D:3)
  A frilled lizard (D:1)
  3 rats
73 creatures vanquished.

Vanquished Creatures (others)
  A quokka (D:3)
1 creature vanquished.

Grand Total: 74 creatures vanquished

Notes
Turn   | Place    | Note
-------+----------+-------------------------------------------
     0 | D:1      | Falco the Felid Venom Mage began the quest for the Orb.
     0 | D:1      | Reached XP level 1. HP: 7/7 MP: 4/4
    55 | D:1      | Reached skill level 1 in Unarmed Combat
   201 | D:1      | Reached XP level 2. HP: 10/11 MP: 6/6
   205 | D:1      | Learned a level 2 spell: Poisonous Vapours
  1104 | D:1      | Reached XP level 3. HP: 10/14 MP: 5/7
  1885 | D:2      | Found a blossoming altar of Fedhas.
  1922 | D:2      | Noticed Jessica
  1928 | D:2      | Killed Jessica
  2197 | D:2      | Reached XP level 4. HP: 9/18 MP: 8/8
  2719 | D:2      | Reached skill level 1 in Conjurations
  2939 | D:3      | Found a white marble altar of Elyvilon.
  2997 | D:3      | Noticed Wolfram's ghost (weakling HuFi)
  3255 | D:3      | Noticed Grinder
  3261 | D:3      | Paralysed by Grinder for 3 turns
  3483 | D:2      | Learned a level 3 spell: Mephitic Cloud
  3749 | D:3      | Killed from afar by Grinder
  3750 | D:3      | Reached XP level 3. HP: -3/14 MP: 7/7
  3778 | D:3      | Found a hide-covered altar of Uskayaw.
  4014 | D:4      | Noticed a black bear
  4015 | D:4      | Found a glowing silver altar of Zin.
  4027 | D:4      | Noticed sanboga's ghost (amateur GrBe)
  4199 | D:4      | Noticed Robin
  4252 | D:5      | Entered Level 5 of the Dungeon
  4421 | D:4      | Noticed Natasha
  4429 | D:4      | Reached XP level 4. HP: 15/18 MP: 6/8
  4429 | D:4      | Killed Natasha
  4480 | D:4      | Noticed an ogre
  4502 | D:4      | Killed an ogre
  4502 | D:4      | Reached XP level 5. HP: 20/21 MP: 7/9
  4563 | D:4      | Noticed Blork the orc
  4582 | D:4      | Killed Robin
  4595 | D:4      | Noticed Natasha
  4610 | D:4      | Found a glowing golden altar of the Shining One.
  4885 | D:4      | Gained mutation: You are covered in thick fur. (AC +2) [Felid growth]
  4885 | D:4      | Reached XP level 6. HP: 25/25 MP: 10/10
  4898 | D:4      | Learned a level 4 spell: Olgreb's Toxic Radiance
  5016 | D:4      | Killed Blork the orc
  5147 | D:4      | Killed Natasha
  5317 | D:3      | Paralysed by Grinder for 3 turns
  5319 | D:3      | Slain by Grinder

Skill      XL: |  1  2  3  4 |
---------------+-------------+-----
Unarmed Combat | 1 3 |  3.9
Poison Magic   | 3 |  3.6
Dodging        | 3 4 |  4.7
Stealth        | 3 4 |  4.4
Conjurations   | 1 |  1.2
Fighting       | |  0.6
Spellcasting   | |  2.6
Air Magic      | |  0.5
Evocations     | |  0.3

Action                   |  1- 3 |  4- 6 || total
-------------------------+-------+-------++-------
Melee: Unarmed           |   154 |   170 ||   324
       Bite              |     6 |    13 ||    19
       Punch             |       |     1 ||     1
 Cast: Poisonous Vapours |     8 |     2 ||    10
       Sting             |     3 |    19 ||    22
       Mephitic Cloud    |       |     1 ||     1
Evoke: Wand              |       |     3 ||     3
  Use: Scroll            |     1 |     8 ||     9
       Potion            |     1 |     1 ||     2
 Stab: Sleeping          |     6 |     7 ||    13
       Distracted        |     1 |       ||     1
       Confused          |       |     1 ||     1
  Eat: Ration            |     1 |     3 ||     4
Armor: Skin              |    15 |    18 ||    33
Dodge: Dodged            |   117 |   157 ||   274
